 Dungeon Crawl Stone Soup version 0.29.1-15-g9cfb28693d (webtiles) character file.

Game seed: 16240905793698153297

693 leafyfresh the Covert (level 7, -6/50 HPs)
             Began as an Octopode Delver on Mar 13, 2023.
             Mangled by a wight
             ... wielding a +4 flail
              (13 damage)
             ... on level 6 of the Dungeon.
             The game lasted 00:04:51 (5933 turns).

leafyfresh the Covert (Octopode Delver)             Turns: 5933, Time: 00:04:52

Health: -6/50      AC:  3    Str: 11    XL:     7   Next: 64%
Magic:  7/7        EV: 15    Int: 14    God:
Gold:   65         SH:  0    Dex: 14    Spells: 6/6 levels left

rFire   . . .      SeeInvis .   q - +2 quarterstaff (chaos)
rCold   . . .      Faith    .   (shield currently unavailable)
rNeg    . . .      Spirit   .   w - +2 hat
rPois   .          Reflect  .   (no amulet)
rElec   .          Harm     .   (no ring)
rCorr   .          Rampage  .   (no ring)
Will    .....                   (no ring)
Stlth   +++++.....              (no ring)
HPRegen 0.16/turn               (no ring)
MPRegen 0.10/turn               (no ring)
                                (no ring)
                                (no ring)

@: no status effects
A: almost no armour, amphibious, 8 rings, camouflage 1, gelatinous body 1,
(nimble swimmer 1), tentacles
a: no special abilities


You were on level 6 of the Dungeon.
You visited 1 branch of the dungeon, and saw 6 of its levels.

You collected 212 gold pieces.
You spent 147 gold pieces at shops.

Inventory:

Hand Weapons
 a - a +0 short sword
 q - a +2 quarterstaff of chaos (weapon)
 z - a +3 spear
Armour
 w - a +2 hat (worn)
Wands
 f - a wand of digging (3)
 l - a wand of polymorph (11)
Scrolls
 b - 7 scrolls of fog
 c - 2 scrolls of magic mapping
 h - 2 scrolls of teleportation {unknown}
 i - 6 scrolls of identify {unknown}
 j - 2 scrolls of vulnerability {unknown}
 m - a scroll of silence {unknown}
 n - a scroll of enchant weapon {unknown}
 p - 2 scrolls of enchant armour {unknown}
 r - 2 scrolls of amnesia {unknown}
 y - a scroll of brand weapon {unknown}
Potions
 d - a potion of curing
 e - a potion of haste
 g - 6 potions of brilliance {unknown}
 k - 2 potions of might {unknown}
 o - a potion of lignification {unknown}
 s - a potion of invisibility {unknown}
 t - a potion of heal wounds {unknown}
 u - a potion of mutation {unknown}
 v - 2 potions of degeneration {unknown}
 x - a potion of flight {unknown}


   Skills:
 + Level 5.5 Fighting
 - Level 2.0 Short Blades
 + Level 5.0 Dodging
 + Level 9.4 Stealth


You had 6 spell levels left.
You didn't know any spells.
Your spell library contained the following spells:

 Spells                   Type           Power      Damage    Failure   Level
 Freeze                   Ice            0%         1d3       28%         1
 Sublimation of Blood     Necr           0%         N/A       41%         2
 Frozen Ramparts          Ice            0%         1d1       65%         3
 Hailstorm                Conj/Ice       0%         3d3       96%         4
 Petrify                  Tmut/Erth      0%         N/A       96%         4
 Irradiate                Conj/Tmut      0%         3d11      100%        5


Dungeon Overview and Level Annotations

Branches:
Dungeon (6/15)
 Temple: D:4-7

Altars:
Dithmenos

Shops:
D:1 [[[   D:5 *

Annotations:
D:4 3 runed translucent doors, leafyfresh's ghost, amateur OpDe
D:5 3 runed translucent doors, Eustachio; nroviw's ghost, novice TrFi


Innate Abilities, Weirdness & Mutations

You cannot wear most types of armour.
You are amphibious.
You can wear up to eight rings at the same time.
Your skin changes colour to match your surroundings (Stealth+).
Your rubbery body absorbs attacks. (AC +1, EV +1)
((You are camouflaged when in or above water. (Stealth+)))
You have tentacles for arms and can constrict up to eight enemies at once.


Message History

A kobold is nearby!
You see here a +0 leather armour.
The kobold barely misses you.
You closely miss the kobold. You grab the kobold. You squeeze the kobold.
You kill the kobold!
Things that are here:
a +0 short sword; 2 stones; a kobold corpse You see here a +0 leather armour.
The wight closely misses you.
You hit the wight. You grab the wight.
The wight is lightly damaged.
You constrict the wight, but do no damage.
The wight hits you with a +3 scimitar of freezing.
The wight freezes you.
You hit the wight but do no damage.
The wight is lightly damaged.
You constrict the wight. The wight closely misses you.
The wight hits you with a +3 scimitar of freezing!
You feel drained. The wight freezes you.
* * * LOW HITPOINT WARNING * * *
You hit the wight.
The wight is moderately damaged.
You constrict the wight, but do no damage.
The wight hits you with a +3 scimitar of freezing.
* * * LOW HITPOINT WARNING * * *
The wight freezes you.
* * * LOW HITPOINT WARNING * * *
You sock the wight!
The wight suddenly seems more agile.
You squeeze the wight.
The wight is almost destroyed.
You constrict the wight, but do no damage.
The wight barely misses you.
You hit the wight. Lightning courses through the wight!!
You destroy the wight!
Your life force feels restored.
Your Dodging skill increases to level 5!
You hit the wight. Lightning courses through the wight!
Your grab misses the wight. You squeeze the wight.
The wight is almost destroyed.
The wight completely misses you. The wight hits you with a +4 flail!
You die...

#...#.#..#
#.#...#
#####.#..#
#...#.###
#.#..########...#
#.#..##.....###.#
#.#..##.###.....#
#....##.#########
###.###.##.).#
#.....##.#.###
#.....@z.#.z.#
#.##########.# ..
..#### #z# ...
..?...##[##.# ..
........)...# .
zKzKKK..#####
..zz....#
z.......#
.#.######


You could see a wight.

Vanquished Creatures
  An ogre (D:5)
  2 wights (D:6)
  A jelly (D:5)
  Crazy Yiuf (D:3)
  6 iguanas
  Ijyb (D:4)
  Natasha (thrice) (D:2)
  4 gnolls (D:5)
  7 adders
  An ufetubus (D:4)
  2 worms
  A dart slug (D:2)
  3 orcs (D:3)
  7 endoplasms
  A giant cockroach (D:2)
  3 goblins
  11 hobgoblins
  6 jackals
  6 kobolds
  2 quokkas
  6 ball pythons
  5 bats
  A frilled lizard (D:1)
  5 rats
86 creatures vanquished.

Notes
Turn   | Place    | Note
-------+----------+-------------------------------------------
     0 | D:5      | leafyfresh the Octopode Delver began the quest for the Orb.
     0 | D:5      | Reached XP level 1. HP: 16/16 MP: 1/1
    51 | D:5      | Reached XP level 2. HP: 3/21 MP: 2/2
    74 | D:5      | Reached skill level 7 in Stealth
    74 | D:5      | Reached XP level 3. HP: 12/26 MP: 3/3
   365 | D:4      | Reached XP level 4. HP: 31/33 MP: 4/4
   540 | D:4      | Found a runed translucent gate.
   540 | D:4      | Found a runed translucent gate.
   540 | D:4      | Found a runed translucent gate.
   851 | D:4      | Noticed an ice beast
   851 | D:4      | Noticed leafyfresh's ghost (amateur OpDe)
   885 | D:4      | Reached XP level 5. HP: 37/37 MP: 5/5
   946 | D:4      | Noticed Ijyb
   963 | D:4      | Killed Ijyb
  1178 | D:3      | Found a shadowy altar of Dithmenos.
  1432 | D:3      | Found a faded altar of an unknown god.
  1814 | D:3      | Found a runed translucent door.
  1815 | D:3      | Noticed Crazy Yiuf
  2032 | D:3      | Killed Crazy Yiuf
  2033 | D:3      | Reached skill level 8 in Stealth
  2205 | D:2      | Noticed Natasha
  2210 | D:2      | Killed Natasha
  2211 | D:2      | Reached XP level 6. HP: 36/44 MP: 6/6
  2234 | D:2      | Noticed Natasha
  2239 | D:2      | Killed Natasha
  3079 | D:2      | Noticed Natasha
  3083 | D:2      | Killed Natasha
  3462 | D:1      | Found Facilaer's Armour Boutique.
  3975 | D:1      | Found Uvacuad's Antique Armour Shop.
  4010 | D:1      | Found Wydedyoh's Antique Armour Shoppe.
  4145 | D:1      | Bought a runed hat for 147 gold pieces
  4521 | D:5      | Found Deuv's General Store.
  4528 | D:5      | Reached skill level 5 in Fighting
  4528 | D:5      | Reached XP level 7. HP: 50/50 MP: 7/7
  4547 | D:5      | Reached skill level 9 in Stealth
  5210 | D:5      | Found a runed translucent gate.
  5211 | D:5      | Found a runed translucent gate.
  5215 | D:5      | Found a runed translucent gate.
  5222 | D:5      | Noticed nroviw's ghost (novice TrFi)
  5259 | D:5      | Noticed Eustachio
  5933 | D:6      | Reached skill level 5 in Dodging
  5933 | D:6      | Mangled by a wight

Illustrated notes

Levels and vault maps discovered:
D:1:      dpeg_arrival_circle_labyrinth_a, layout_loops_ring, serial_shops,
          shop, shop, nicolae_square_shop
D:2:      layout_basic, uniq_natasha
D:3:      cheibrodos_old_hovel, layout_loops_ring, grunt_dithmenos_smoke,
          chequers_ecumenical_altar_simple_redux, uniq_crazy_yiuf_cottage
D:4:      layout_loops_cross, gammafunk_ghost_icy, uniq_ijyb
D:5:      layout_loops_cross, gammafunk_ghost_nasty_kobolds,
          minmay_shop_grid_forest, kennysheep_generic_room_5, uniq_eustachio
D:6:      layout_basic, nicolae_yredelemnul_ghost_church, serial_bayou_pond_b

Skill      XL: |  1  2  3  4  5  6  7 |
---------------+----------------------+-----
Stealth        | 7 8 9 |  9.4
Dodging        | 3 4 5 |  5.0
Fighting       | 4 5 |  5.5
Short Blades   | |  2.0

Action                   |  1- 3 |  4- 6 |  7- 9 || total
-------------------------+-------+-------+-------++-------
Melee: Short sword       |    19 |    61 |       ||    80
       Tentacles         |     7 |    27 |     7 ||    41
       Constrict         |     3 |    27 |     6 ||    36
       Quarterstaff      |       |    71 |    26 ||    97
  Use: Potion            |     1 |       |     1 ||     2
       Scroll            |       |       |     1 ||     1
 Stab: Sleeping          |     1 |    31 |     3 ||    35
       Distracted        |       |     1 |       ||     1
Armor: Skin              |     1 |    15 |     3 ||    19
Dodge: Dodged            |    10 |    60 |    21 ||    91
